 Dungeon Crawl Stone Soup version 0.29.1-2-gbd0b4ee654 (webtiles) character file.

Game seed: 16235324459038503705

18 raph the Slasher (level 2, -1/25 HPs)
             Began as a Minotaur Gladiator on Nov 20, 2022.
             Killed from afar by Sigmund (5 damage)
             ... with a magic dart
             ... on level 2 of the Dungeon.
             The game lasted 00:00:47 (574 turns).

raph the Slasher (Minotaur Gladiator)                Turns: 574, Time: 00:00:48

Health: -1/25      AC: 10    Str: 18    XL:     2   Next: 48%
Magic:  1/1        EV:  5    Int:  5    God:
Gold:   7          SH:  0    Dex: 11    Spells: 1/1 levels left

rFire   . . .      SeeInvis .   a - +0 long sword
rCold   . . .      Faith    .   (no shield)
rNeg    . . .      Spirit   .   i - +0 plate armour
rPois   .          Reflect  .   c - +0 hat
rElec   .          Harm     .   (no cloak)
rCorr   .          Rampage  .   (no gloves)
Will    .....                   (no boots)
Stlth   ..........              (no amulet)
HPRegen 0.08/turn               (no ring)
MPRegen 0.07/turn               (no ring)

@: no status effects
A: horns 2, retaliatory headbutt
a: no special abilities


You were on level 2 of the Dungeon.
You visited 1 branch of the dungeon, and saw 2 of its levels.

You collected 7 gold pieces.

Inventory:

Hand Weapons
 a - a +0 long sword (weapon)
Missiles
 d - 3 throwing nets (quivered)
 e - a javelin
Armour
 b - a +0 leather armour
 c - a +0 hat (worn)
 f - a +0 scale mail
 i - a +0 plate armour (worn)
Scrolls
 j - a scroll of identify {unknown}
Potions
 g - a potion of invisibility {unknown}
 h - 2 potions of heal wounds {unknown}


   Skills:
 - Level 2.4 Fighting
 + Level 4.7 Long Blades
 - Level 2.0 Throwing
 - Level 3.2 Dodging


You had one spell level left.
You didn't know any spells.
Your spell library was empty.

Dungeon Overview and Level Annotations

Branches:
Dungeon (2/15)

Altars:

Annotations:
D:2 Sigmund


Innate Abilities, Weirdness & Mutations

You have a pair of horns on your head.
You reflexively headbutt those who attack you in melee.


Message History

A giant cockroach comes into view.
The giant cockroach moves out of view.
h - 2 fizzy dark potions (gained 1)
A giant cockroach is nearby!
You hit the giant cockroach.
The giant cockroach is moderately wounded.
The giant cockroach bites you but does no damage.
You slash the giant cockroach!
You kill the giant cockroach!
No target in view!
No target in view!
No target in view!
A rat comes into view.
Sigmund and a kobold come into view.
The kobold is wielding a +2 dagger of venom and quivering poisoned darts.
Sigmund shouts!
The kobold shouts!
Sigmund casts a spell.
Sigmund flickers and vanishes!
Deactivating autopickup; reactivate with Ctrl-A.
You closely miss the rat. You headbutt the rat.
You kill the rat!
The kobold throws a poisoned dart.
The poisoned dart barely misses you. Something hits you!
You slash the kobold!
You kill the kobold!
You hear some strange, mumbled words.
A magic dart appears from out of thin air!
The magic dart hits you but does no damage.
Something hits you but does no damage.
You closely miss something. You completely miss something.
Your headbutt misses something. Something hits you.
You miss something. Your headbutt misses something. Something hits you.
You barely miss something. Something hits you.
* * * LOW HITPOINT WARNING * * *
You miss something.
You hear some strange, mumbled words.
A magic dart appears from out of thin air!
The magic dart hits you.
You die...

###########
#.........#
#.........#
#.........#
#.....?...#####
###....).........
..'....{.........
##....@...?####
#####+#...#
#.#.......
#.###..### .....
#...# .# ....
###.# # ...
####.# ..##....#
..#.##.#


There were no monsters in sight!

Vanquished Creatures
  2 ball pythons (D:1)
  5 endoplasms (D:1)
  A giant cockroach (D:2)
  A hobgoblin (D:1)
  A frilled lizard (D:1)
  A goblin (D:1)
  3 kobolds
  3 rats
17 creatures vanquished.

Notes
Turn   | Place    | Note
-------+----------+-------------------------------------------
     0 | D:1      | raph the Minotaur Gladiator began the quest for the Orb.
     0 | D:1      | Reached XP level 1. HP: 18/18 MP: 0/0
    22 | D:1      | Found a faded altar of an unknown god.
   145 | D:1      | Reached skill level 4 in Long Blades
   260 | D:1      | Reached XP level 2. HP: 24/25 MP: 1/1
   564 | D:2      | Noticed Sigmund
   574 | D:2      | Killed from afar by Sigmund

Illustrated notes

Levels and vault maps discovered:
D:1:      heliophobic_arrival_battle_scene, layout_rooms,
          hellmonk_ecumenical_altar_blasted, chequers_serial_rivers_micro_b
D:2:      layout_basic, uniq_sigmund

Skill      XL: |  1 |
---------------+----+-----
Long Blades    | 4 |  4.7
Fighting       | |  2.4
Throwing       | |  2.0
Dodging        | |  3.2

Action                   || total
-------------------------++-------
Melee: Long sword        ||    35
       Headbutt          ||     4
       Punch             ||     1
Armor: Plate armour      ||    17
       Scale mail        ||     1
Dodge: Dodged            ||    15
